 Dungeon Crawl Stone Soup version 0.23-a0-767-gdc19b93d68 (webtiles) character file.

21600 Crom the Severer (level 12, 0/111 HPs)
             Began as a Hill Orc Monk on Jan 25, 2019.
             Was an Elder of Beogh.
             Killed from afar by a storm dragon (31 damage)
             ... with a bolt of lightning
             ... on level 14 of the Dungeon on Jan 27, 2019.
             The game lasted 01:01:48 (21617 turns).

Crom the Severer (Hill Orc Monk)                   Turns: 21617, Time: 01:01:49

Health: 0/111      AC: 27    Str: 19    XL:     12   Next: 91%
Magic:  17/17      EV:  7    Int: 10    God:    Beogh [****..]
Gold:   805        SH:  6    Dex: 13    Spells: 11/11 levels left

rFire    . . .     SeeInvis +   y - +1 war axe
rCold    . . .     Gourm    .   Z - +0 buckler
rNeg     . . .     Faith    .   H - +0 plate armour
rPois    .         Spirit   .   F - +2 helmet
rElec    .         Reflect  .   C - +1 cloak
rCorr    +         Harm     .   p - +2 pair of gloves
MR       .....                  V - +2 pair of boots {run}
Stlth    ..........             u - amulet of rage
HPRegen  0.28/turn              U - ring of resist corrosion
MPRegen  0.15/turn              z - ring of see invisible

@: flayed, quick
A: no striking features
a: Smiting, Recall Orcish Followers, Renounce Religion, Evoke Berserk Rage


You were on level 14 of the Dungeon.
You worshipped Beogh.
Beogh was greatly pleased with you.
You were not hungry.

You visited 1 branch of the dungeon, and saw 14 of its levels.
You visited the Abyss 1 time.

You collected 805 gold pieces.

Inventory:

Hand Weapons
 f - the +9 trident of the Philosopher {vamp, Int+5, unknown}
   (You found it on level 12 of the Dungeon)

   It inflicts no extra harm, but heals its wielder when it wounds a living foe.
   It affects your intelligence (+5).
 i - a +0 trident of freezing
   (You found it on level 12 of the Dungeon)
 o - a +0 blowgun
   (You took it off a kobold on level 3 of the Dungeon)
 y - a +1 war axe (weapon)
   (You found it on level 3 of the Dungeon)
 K - a +1 morningstar
   (You took it off a wight on level 6 of the Dungeon)
 R - a cursed +3 halberd
   (You took it off a wight on level 13 of the Dungeon)
 Y - a +3 longbow of flaming
   (You took it off Nessos on level 13 of the Dungeon)
Missiles
 A - 70 poisoned needles
 B - 6 curare-tipped needles {!f}
 L - 3 throwing nets (quivered) {!f}
Armour
 p - a +2 pair of gloves (worn)
   (You found it on level 5 of the Dungeon)
 C - a +1 cloak (worn)
   (You took it off Crazy Yiuf on level 3 of the Dungeon)
 F - a +2 helmet (worn)
   (You found it on level 13 of the Dungeon)
 G - a +0 large shield
   (You found it on level 4 of the Dungeon)
 H - a +0 plate armour (worn)
   (You found it on level 4 of the Dungeon)
 V - a +2 pair of boots of running (worn)
   (You found it on level 9 of the Dungeon)
 Z - a +0 buckler (worn)
   (You found it on level 10 of the Dungeon)
Jewellery
 u - an amulet of rage (around neck)
   (You found it on level 5 of the Dungeon)
 x - an uncursed ring of ice
   (You found it on level 2 of the Dungeon)
 z - a ring of see invisible (right hand)
   (You found it on level 10 of the Dungeon)
 U - a ring of resist corrosion (left hand)
   (You found it on level 9 of the Dungeon)
Wands
 t - a wand of flame (62)
   (You found it on level 6 of the Dungeon)
 v - a wand of digging (6)
   (You took it off Sonja on level 12 of the Dungeon)
Scrolls
 b - 5 scrolls of fear
 g - a scroll of teleportation {@r4}
 k - 5 scrolls of immolation {!r}
 l - 2 scrolls of magic mapping
 m - 2 scrolls of fog
 q - 5 scrolls of remove curse {@r2}
 r - 4 scrolls of identify {@r1}
 s - 5 scrolls of enchant weapon
 J - 4 scrolls of amnesia
 M - 3 scrolls of enchant armour
 Q - a scroll of noise {!r}
 T - a scroll of silence {unknown}
 X - a scroll of acquirement {unknown}
Potions
 a - 3 potions of cancellation
 c - a potion of resistance
 d - 4 potions of agility
 h - 3 potions of haste {@q3}
 j - 7 potions of flight
 n - 6 potions of curing {@q1}
 w - 3 potions of invisibility
 D - a potion of lignification {!q}
 I - 2 potions of heal wounds {@q2}
 N - 2 potions of mutation {!q}
 P - a potion of ambrosia
 S - 2 potions of magic
 W - a potion of brilliance {unknown}
Comestibles
 e - 19 rations {!d}


   Skills:
 + Level 11.6 Fighting
 * Level 16.7 Axes
 + Level 10.0 Armour
 - Level 3.0 Dodging
 - Level 1.5 Stealth
 + Level 8.9 Shields
 + Level 6.8 Invocations


You had 11 spell levels left.
You didn't know any spells.
Your spell library contained the following spells:

 Spells                   Type           Power        Failure   Level  Hunger
 Infusion                 Chrm           #...         100%        1    ##.....
 Shroud of Golubria       Chrm/Tloc      #.........   100%        2    ###....
 Song of Slaying          Chrm           #.......     100%        2    ###....
 Regeneration             Chrm/Necr      #.........   100%        3    ####...
 Spectral Weapon          Hex/Chrm       #.......     100%        3    ####...


Dungeon Overview and Level Annotations

Branches:
Dungeon (14/15)            Temple (0/1) D:5            Lair (0/6) D:9
    Orc (0/2) D:11         Vaults (0/5) D:13

Altars:
Ashenzari
Cheibriados
Dithmenos
Okawaru
Qazlal
Ru
Uskayaw
Zin
Beogh

Shops:
D:14 [

Annotations:
D:10 5 runed doors


Message History

The bolt of lightning hits you!
You see here an arrow.
The brown ugly thing engulfs your orc knight.
Your orc knight is splashed with acid.
The acid corrodes your orc knight!
Your orc knight hits the brown ugly thing with a +0 dagger!!
The storm dragon bites your orc knight!
The storm dragon barely misses your orc knight.
The storm dragon tramples your orc knight.
Your orc knight holds its ground!
The brown ugly thing falls through a shaft!
The shaft crumbles and collapses.
You see here 3 arrows.
The brown ugly thing closely misses your orc knight.
The gargoyle barely misses something.
Your orc knight hits the brown ugly thing with a +0 dagger.
Some rock shatters into small pieces.
The flayed ghost stares at you with tortured malice.
Terrible wounds open up all over your body!
* * * LOW HITPOINT WARNING * * *
Something hits the gargoyle but does no damage.
There is a stone staircase leading up here.
What are your orders? t - Shout!
Orders for allies: a - Attack new target. r - Retreat! s - Stop attacking. g - Guard the area. f - Follow me.
Anything else - Cancel.
Follow me!
The brown ugly thing engulfs your orc knight!
Your orc knight is splashed with acid.
Your orc knight hits the flayed ghost with a +0 dagger.
The gargoyle hurls a stone arrow at you.
The stone arrow hits you!
* * * LOW HITPOINT WARNING * * *
What are your orders? t - Shout!
Orders for allies: a - Attack new target. r - Retreat! s - Stop attacking. g - Guard the area. f - Follow me.
Anything else - Cancel.
Follow me!
Something hits the gargoyle!
The gargoyle is destroyed!
Beogh accepts your kill.
Beogh blesses a follower with healing.
The brown ugly thing engulfs your orc knight.
Your orc knight is splashed with acid.
The acid corrodes your orc knight!
The brown ugly thing misses your orc knight.
The flayed ghost barely misses you.
The storm dragon breathes lightning at you.
The bolt of lightning hits you!
You die...

**,,,,*≈,,,**,,**,,*,,**,,
**,.≈..#.##?.##..##*,,**,
**#.#..##..##..##[**,,**
#.#.##..##W!....,**,,*
#....##..##)##..**,,**
#../..##..###..#*,,**,
#......##..#..##,,**,*
***#..>..D$.u.O....,**,,,
*,,,,#..@Wo...T....**,,,*
*,**,#..####u##u..#*,,,**
*,,.....,,,,KcuK.##,****
*..#...),*,,##..##.**
*.###...***,,,u.#.#*
*..#..#.,*,,,,,..##**
*#......,,,*,,,,..$,*
##.##..,,**,,,,..#,*
**,,,*,*,,,*,,,,,,*,*


You could see a storm dragon, 3 ugly things, 2 flayed ghosts, a deep troll earth
mage, an ogre, a kobold and a friendly orc knight.

Vanquished Creatures
  A catoblepas (D:13)
  A two-headed ogre (D:11)
  An ogre mage (D:10)
  Sonja (D:12)
  An unseen horror (D:12)
  2 wizards
  Pikel (D:8)
  A manticore (D:11)
  3 ugly things
  A cyclops (D:7)
  A centaur zombie (D:13)
  A gargoyle (D:10)
  A komodo dragon (D:12)
  A freezing wraith (D:13)
  An ancient zyme (Abyss:2)
  A tengu conjurer (D:13)
  3 trolls
  Grinder (D:3)
  2 hippogriffs (D:12)
  A hornet (D:12)
  A wraith (D:13)
  2 wyverns
  10 yaks
  Eustachio (D:3)
  5 vampire mosquitoes (D:13)
  A hungry ghost (D:10)
  Menkaure (D:5)
  2 slaves (D:8)
  2 ice beasts
  3 orc warriors
  4 black bears
  A necrophage (D:12)
  4 phantoms
  2 sky beasts
  6 ogres
  13 centaurs
  4 big kobolds
  10 bullfrogs
  A gnoll sergeant (D:9)
  2 scorpions
  6 killer bees
  A troll zombie (D:11)
  14 wights
  A howler monkey (D:4)
  An electric eel (D:13)
  9 crimson imps
  A bullfrog zombie (D:10)
  2 centaur skeletons
  4 hounds
  5 jellies
  4 quasits
  An orc priest (D:10)
  A gnoll shaman (D:6)
  A bullfrog skeleton (D:8)
  Crazy Yiuf (D:3)
  Terence (D:2)
  An iguana (D:9)
  8 worker ants
  Natasha (thrice) (D:4)
  4 orc wizards
  A killer bee zombie (D:3)
  6 ogre zombies (D:11)
  2 hound skeletons
  A worker ant zombie (D:8)
  19 gnolls
  19 adders
  3 shadow imps
  A white imp (Abyss:2)
  An ooze (D:1)
  An adder zombie (D:8)
  2 adder skeletons
  2 worms (D:2)
  A dart slug (D:3)
  8 leopard geckos
  62 orcs
  3 giant cockroaches
  10 goblins
  7 hobgoblins
  22 jackals
  21 kobolds
  6 quokkas
  3 ball pythons
  9 bats
  2 frilled lizards
  2 goblin skeletons (D:11)
  3 goblin zombies (D:11)
  3 hobgoblin zombies (D:11)
  16 orc zombies (D:11)
  7 rats
413 creatures vanquished.

Vanquished Creatures (collateral kills)
  Nessos (D:13)
  A manticore (D:14)
  A cyclops (D:13)
  2 gargoyles
  A troll (D:13)
  A wind drake (shapeshifter) (D:13)
  A hippogriff (D:12)
  A vampire (D:13)
  A yak (D:12)
  2 hungry ghosts
  2 vampire mosquitoes (D:13)
  An ogre (D:11)
  6 centaurs
  3 bullfrogs
  2 killer bees (D:13)
  A wight (D:13)
  A hound (D:14)
  3 worker ants
  An ogre zombie (D:11)
  A shadow imp (D:13)
  An orc (D:12)
  2 kobolds (D:12)
  An orc skeleton (D:11)
37 creatures vanquished.

Vanquished Creatures (others)
  2 slaves (D:8)
  An orc priest (D:10)
  6 orcs
  2 kobolds (D:13)
11 creatures vanquished.

Grand Total: 461 creatures vanquished

Notes
Turn   | Place    | Note
-------+----------+-------------------------------------------
     0 | D:1      | Crom the Hill Orc Monk began the quest for the Orb.
     0 | D:1      | Reached XP level 1. HP: 19/19 MP: 1/1
   261 | D:1      | Reached XP level 2. HP: 19/27 MP: 2/2
   854 | D:1      | Reached XP level 3. HP: 31/33 MP: 3/3
   935 | D:1      | Reached skill level 5 in Axes
  1228 | D:2      | Noticed Terence
  1376 | D:2      | Reached XP level 4. HP: 33/40 MP: 4/4
  1450 | D:2      | Killed Terence
  2540 | D:2      | Reached skill level 6 in Axes
  2540 | D:2      | Reached XP level 5. HP: 34/47 MP: 5/5
  2825 | D:2      | Reached skill level 1 in Armour
  3618 | D:3      | Reached XP level 6. HP: 45/55 MP: 6/6
  3738 | D:3      | Reached skill level 5 in Fighting
  4074 | D:3      | Reached skill level 7 in Axes
  4365 | D:3      | Found a runed door.
  4447 | D:3      | Noticed Grinder
  4452 | D:3      | Paralysed by Grinder for 3 turns
  4465 | D:3      | Paralysed by Grinder for 5 turns
  4505 | D:3      | Killed Grinder
  4505 | D:3      | Reached skill level 8 in Axes
  4505 | D:3      | Reached XP level 7. HP: 53/62 MP: 7/7
  4762 | D:3      | Found a shadowy altar of Dithmenos.
  5302 | D:3      | Noticed Crazy Yiuf
  5387 | D:3      | Killed Crazy Yiuf
  5586 | D:4      | Noticed Natasha
  6080 | D:4      | Killed Natasha
  6094 | D:4      | Noticed Eustachio
  6251 | D:3      | Reached skill level 9 in Axes
  6750 | D:4      | Reached XP level 8. HP: 25/71 MP: 8/8
  6914 | D:4      | Noticed Natasha
  6925 | D:4      | Killed Natasha
  7017 | D:3      | Killed Eustachio
  7224 | D:4      | Noticed Natasha
  7235 | D:4      | Killed Natasha
  7462 | D:5      | Entered Level 5 of the Dungeon
  7556 | D:5      | Reached skill level 10 in Axes
  7745 | D:5      | Reached skill level 1 in Shields
  8183 | D:5      | Found a staircase to the Ecumenical Temple.
  8315 | D:5      | Noticed Menkaure
  8335 | D:5      | Killed Menkaure
  8335 | D:5      | Reached skill level 5 in Armour
  9040 | D:6      | Reached XP level 9. HP: 78/79 MP: 9/9
  9184 | D:5      | Reached skill level 11 in Axes
  9569 | D:6      | Found a snail-covered altar of Cheibriados.
 10010 | D:6      | Reached skill level 12 in Axes
 10598 | D:7      | Reached XP level 10. HP: 87/90 MP: 10/10
 10854 | D:7      | Found a hide-covered altar of Uskayaw.
 10937 | D:7      | Found an iron altar of Okawaru.
 11027 | D:7      | Found a sacrificial altar of Ru.
 11752 | D:8      | Found a stormy altar of Qazlal.
 11805 | D:8      | Noticed Pikel
 11852 | D:8      | Reached skill level 5 in Shields
 11859 | D:8      | Noticed a cyclops
 11862 | D:8      | Killed Pikel
 11862 | D:8      | Reached skill level 13 in Axes
 12463 | D:7      | Killed a cyclops
 12572 | D:8      | Found a hide-covered altar of Uskayaw.
 12581 | D:8      | Found a shattered altar of Ashenzari.
 13513 | D:8      | Noticed a +0 dagger
 13513 | D:8      | Noticed a +0 hand axe
 14043 | D:9      | Found a staircase to the Lair.
 14112 | D:9      | Reached skill level 14 in Axes
 14143 | D:9      | Identified a +2 pair of boots of running (You found it on
                  | level 9 of the Dungeon)
 14161 | D:9      | Reached XP level 11. HP: 99/99 MP: 11/11
 14394 | D:10     | Entered Level 10 of the Dungeon
 14415 | D:10     | Became a worshipper of Beogh the Brigand
 14415 | D:10     | Reached * piety under Beogh
 14415 | D:10     | Reached ** piety under Beogh
 14529 | D:10     | Noticed an ogre mage
 14541 | D:10     | Killed an ogre mage
 14541 | D:10     | Reached skill level 10 in Fighting
 14621 | D:10     | Reached skill level 1 in Invocations
 14923 | D:10     | Found the +9 staff of Olgreb {rPois}
 14950 | D:10     | Found a runed gate.
 14952 | D:10     | Found a runed door.
 14964 | D:10     | Found a runed gate.
 14964 | D:10     | Found a runed gate.
 14972 | D:10     | Found a runed door.
 15166 | D:10     | Reached *** piety under Beogh
 15221 | D:10     | Found a roughly hewn altar of Beogh.
 15380 | D:11     | Found a snail-covered altar of Cheibriados.
 15451 | D:11     | Noticed a green ugly thing
 15497 | D:9      | Killed a green ugly thing
 15890 | D:11     | Noticed a brown ugly thing
 15918 | D:10     | Killed a brown ugly thing
 15945 | D:11     | Found a staircase to the Orcish Mines.
 16067 | D:11     | Reached **** piety under Beogh
 16193 | D:11     | Reached skill level 15 in Axes
 16450 | D:11     | Noticed a manticore
 16461 | D:11     | Noticed a two-headed ogre
 16466 | D:11     | Killed a manticore
 16472 | D:11     | Killed a two-headed ogre
 17890 | D:12     | Reached XP level 12. HP: 108/108 MP: 15/15
 18316 | D:12     | Got a bone trident
 18419 | D:12     | Found a glowing silver altar of Zin.
 18427 | D:12     | Reached skill level 5 in Invocations
 18609 | D:12     | Noticed Sonja
 18619 | D:12     | Cast into level 2 of the Abyss (Sonja)
 18699 | Abyss:2  | Noticed a great orb of eyes
 18700 | Abyss:2  | Noticed a starcursed mass
 18706 | Abyss:2  | Noticed a brown very ugly thing
 18774 | Abyss:2  | Noticed a blizzard demon
 18827 | Abyss:2  | Found a viscous altar of Jiyva.
 18854 | D:12     | Escaped the Abyss
 18856 | D:12     | Killed Sonja
 19799 | D:13     | Reached skill level 16 in Axes
 20278 | D:13     | Noticed Nessos
 20311 | D:13     | Killed Nessos
 20686 | D:13     | Gained Spirok as an ally
 20853 | D:13     | Noticed a catoblepas
 20864 | D:13     | Killed a catoblepas
 21486 | D:13     | Found a gate to the Vaults.
 21561 | D:14     | Found Iheow's Armour Boutique.
 21565 | D:14     | Reached skill level 10 in Armour
 21603 | D:14     | Noticed a storm dragon
 21608 | D:14     | Noticed a deep troll earth mage
 21616 | D:14     | Gained Warrok as an ally
 21617 | D:14     | Killed from afar by a storm dragon

Vault maps used:
D:1:      sevenhm_arrival_forest_fort_large_3
D:2:      minmay_tetromino_l4, uniq_terence
D:3:      nicolae_dithmenos_through_a_glass_darkly, first_ration,
          chequers_serial_rivers_large_a, uniq_crazy_yiuf_cottage, uniq_grinder
D:4:      kennysheep_generic_room_3, uniq_natasha, uniq_eustachio
D:5:      temple_green, uniq_menkaure
D:6:      old_standard_altar
D:7:      nicolae_overflow_hidden_temple, old_standard_altar, basic_altar,
          chequers_big_river
D:8:      minmay_razor_zed, dancing_weapons_uskayaw,
          nicolae_overflow_crystal_walls, nicolae_ashenzari_panopticon,
          uniq_pikel
D:9:      lair_entry_dummy, blue_anna_alchemist
D:10:     cheibrodos_barr_body, special_room, chequers_serial_rivers_micro_d,
          minmay_guarded_unrand_staff_of_olgreb
D:11:     zombieorc2_lemuel, cheibriados_altar_1
D:12:     basic_altar, uniq_sonja
D:13:     david_vaults_4, uniq_nessos
D:14:     portal_ice_cave_rime, serial_shops, shop_statue,
          minmay_strange_pillars, minmay_diamond_spiral
Abyss:2:  hangedman_abyss_lost_library, hangedman_abyss_or_decor_stagger

Skill      XL: |  1  2  3  4  5  6  7  8  9 10 11 12 |
---------------+-------------------------------------+-----
Fighting       | 4 5 6 7 8 9 10 11 | 11.6
Axes           | 5 6 8 9 10 12 14 15 16 | 16.7
Dodging        | 3 |  3.0
Armour         | 1 3 5 6 7 9 10 | 10.0
Shields        | 2 4 6 7 8 |  8.9
Invocations    | 4 6 |  6.8
Stealth        | |  1.5

Action                   |  1- 3 |  4- 6 |  7- 9 | 10-12 || total
-------------------------+-------+-------+-------+-------++-------
Melee: Hand axe          |   130 |   260 |    61 |       ||   451
       War axe           |       |       |   415 |  1051 ||  1466
 Fire: Blowgun           |       |       |     4 |       ||     4
Throw: Stone             |       |     8 |       |       ||     8
       Throwing net      |       |     4 |       |     2 ||     6
       Tomahawk          |       |       |       |     3 ||     3
Invok: Convert to Beogh  |       |       |       |     1 ||     1
       Smiting           |       |       |       |     6 ||     6
Evoke: Wand              |       |       |     8 |     6 ||    14
  Use: Scroll            |       |       |     9 |    21 ||    30
       Potion            |       |       |       |     3 ||     3
 Stab: Sleeping          |     2 |       |       |       ||     2
       Distracted        |     1 |       |       |     5 ||     6
       Held in net/web   |       |     3 |       |       ||     3
       Paralysed         |       |       |     7 |       ||     7
  Eat: Chunk             |     2 |     9 |    14 |    20 ||    45
       Ration            |       |       |     2 |     6 ||     8
Armor: Robe              |    12 |       |       |       ||    12
       Scale mail        |    54 |   109 |    83 |       ||   246
       Plate armour      |       |       |   206 |   712 ||   918
Dodge: Dodged            |   109 |   133 |   191 |   319 ||   752
Block: Buckler           |       |       |       |   136 ||   136

Table legend:
 A = Non-vault XP
 B = Vault XP
 C = Vault XP percentage of total XP
 D = Non-vault monster count
 E = Vault monster count
 F = Vault count percentage of total count
                 A         B        C        D         E       F
            +---------+---------+-------+---------+---------+-------
      Total |   22495 |    8363 |  27.1 |     352 |      96 |  21.4
            +---------+---------+-------+---------+---------+-------
        D:1 |      55 |       0 |   0.0 |      28 |       0 |   0.0
        D:2 |     116 |      54 |  31.8 |      31 |       4 |  11.4
        D:3 |     525 |     502 |  48.9 |      49 |       3 |   5.8
        D:4 |     361 |      42 |  10.4 |      13 |       3 |  18.8
        D:5 |     809 |     172 |  17.5 |      22 |       1 |   4.3
        D:6 |    1852 |       0 |   0.0 |      29 |       0 |   0.0
        D:7 |     768 |     480 |  38.5 |      10 |       1 |   9.1
        D:8 |    1198 |    1123 |  48.4 |      32 |       9 |  22.0
        D:9 |    1809 |     111 |   5.8 |      22 |       2 |   8.3
       D:10 |    1193 |    2559 |  68.2 |      23 |      32 |  58.2
       D:11 |    2866 |     492 |  14.7 |      20 |      35 |  63.6
       D:12 |    4395 |     807 |  15.5 |      29 |       1 |   3.3
       D:13 |    4991 |    2021 |  28.8 |      37 |       5 |  11.9
       D:14 |    1225 |       0 |   0.0 |       5 |       0 |   0.0
    Abyss:2 |     332 |       0 |   0.0 |       2 |       0 |   0.0
            +---------+---------+-------+---------+---------+-------
